 Dungeon Crawl Stone Soup version 0.20.0 (webtiles) character file.

322 Llamajah the Shield-Bearer (level 6, -2/49 HPs)
             Began as a Formicid Fighter on July 12, 2017.
             Killed by divine providence
             ... invoked by an orc priest
              (12 damage)
             ... on level 3 of the Dungeon.
             The game lasted 00:06:18 (1342 turns).

Llamajah the Shield-Bearer (Formicid Fighter)       Turns: 1342, Time: 00:06:20

Health: -2/49      AC: 13    Str: 21    XL:     6   Next: 76%
Magic:  6/6        EV:  5    Int:  7    God:
Gold:   66         SH: 10    Dex: 12    Spells: 5/5 levels left

rFire    . . .     SeeInvis +   h - +7 scythe (flame)
rCold    + . .     Gourm    .   c - +0 shield
rNeg     . . .     Faith    .   i - +0 plate armour
rPois    .         Spirit   .   (helmet unavailable)
rElec    .         Reflect  .   (no cloak)
rCorr    .         Harm     .   v - +0 pair of gloves
MR       +....                  (no boots)
Stlth    ..........             k - amulet of regeneration
Regen    0.6/turn               s - ring of protection from magic
MPRegen  0.1/turn               t - ring of protection from cold

@: no status effects
A: permanent stasis, dig shafts and tunnels, four strong arms, antennae 3
a: Dig, Shaft Self


You were on level 3 of the Dungeon.
You were not hungry.

You visited 1 branch of the dungeon, and saw 3 of its levels.

You collected 66 gold pieces.

Inventory:

Hand Weapons
 a - a +0 war axe
 h - a +7 scythe of flaming (weapon)
Armour
 b - a +0 scale mail
 c - a +0 shield (worn)
 i - a +0 plate armour (worn)
 v - a +0 pair of gloves (worn)
Jewellery
 k - an amulet of regeneration (around neck)
 s - a ring of protection from magic (left hand)
 t - a ring of protection from cold (right hand)
Scrolls
 l - 2 scrolls of remove curse {unknown}
 o - 2 scrolls of random uselessness {unknown}
 q - a scroll of amnesia {unknown}
 u - 5 scrolls of identify {unknown}
 w - a scroll of magic mapping {unknown}
Potions
 d - 2 potions of might
 e - a potion of berserk rage {unknown}
 j - a potion of magic {unknown}
 m - 2 potions of agility {unknown}
Comestibles
 f - a bread ration
 g - 10 fruits
 n - 2 chunks of flesh
 p - a meat ration


   Skills:
 + Level 4.3 Fighting
 * Level 4.0 Axes
 + Level 4.4 Armour
 + Level 1.8 Dodging
 + Level 4.8 Shields


You had 5 spell levels left.
You didn't know any spells.

Dungeon Overview and Level Annotations

Branches:
Dungeon (3/15)

Altars:


Innate Abilities, Weirdness & Mutations

You cannot be hasted, slowed, berserked, paralysed or teleported.
You can dig through walls and to a lower floor.
Your four strong arms can wield two-handed weapons with a shield.
You have a pair of large antennae on your head. (SInv)


Message History

The orc priest looks braver for a moment.
You block the orc priest's attack.
The orc priest calls upon Beogh to heal the orc priest.
The orc priest is healed somewhat.
The orc priest hits you but does no damage.
You closely miss the orc priest.
The orc priest is heavily wounded.
The orc priest hits you but does no damage.
The orc priest begins to cast a cantrip, but forgets the words!
You slash the orc priest! You burn the orc priest.
You kill the orc priest!
The orc priest invokes the aid of Beogh against you.
Beogh smites you!
* * * LOW HITPOINT WARNING * * *
The orc priest hits you but does no damage.
You closely miss the orc priest.
The orc priest hits you but does no damage.
The orc priest calls down the wrath of Beogh upon you.
Beogh smites you!
You die...

... #.# #.# ## ##.##
##.##...###
##...#.....#
.##.......†#.# #
.........###.####..#.#
#....)@## #..<......#
#.#..o)# ######.....
##.#.# ... #.#.# # #
#.# ..# ###


You could see an orc priest.

Vanquished Creatures
  Sigmund (D:2)
  2 orc priests (D:3)
  An adder (D:2)
  An ooze (D:2)
  2 worms
  A dart slug (D:2)
  3 orcs (D:3)
  2 ball pythons
  11 giant cockroaches (D:2)
  7 goblins
  6 hobgoblins
  13 kobolds
  A quokka (D:2)
  4 bats
  4 frilled lizards
  5 rats
64 creatures vanquished.

Notes
Turn   | Place    | Note
-------+----------+-------------------------------------------
     0 | D:1      | Llamajah the Formicid Fighter began the quest for the Orb.
     0 | D:1      | Reached XP level 1. HP: 18/18 MP: 1/1
    74 | D:1      | Reached XP level 2. HP: 24/24 MP: 2/2
   421 | D:1      | Reached XP level 3. HP: 29/29 MP: 3/3
   804 | D:2      | Reached XP level 4. HP: 35/36 MP: 4/4
  1068 | D:2      | Noticed Sigmund
  1105 | D:2      | HP: 1/37 [Sigmund/scythe of flaming (1)]
  1106 | D:2      | Killed Sigmund
  1106 | D:2      | Reached skill level 1 in Dodging
  1106 | D:2      | Reached XP level 5. HP: 1/42 MP: 5/5
  1106 | D:2      | Reached XP level 6. HP: 1/48 MP: 6/6
  1342 | D:3      | Killed from afar by an orc priest

Skill      XL: |  1  2  3  4  5  6 |
---------------+-------------------+-----
Shields        | 4 |  4.8
Fighting       | 4 |  4.3
Axes           | 3 4 |  4.0
Armour         | 4 |  4.4
Dodging        | 1 |  1.8

Action                   |  1- 3 |  4- 6 || total
-------------------------+-------+-------++-------
Melee: War axe           |    85 |    80 ||   165
       Scythe            |       |    25 ||    25
 Abil: Dig               |       |     1 ||     1
  Use: Potion            |       |     2 ||     2
  Eat: Chunk             |       |     2 ||     2
Armor: Scale mail        |    13 |       ||    13
       Plate armour      |    39 |    75 ||   114
Dodge: Dodged            |    22 |    24 ||    46
Block: Shield            |    48 |    70 ||   118
